 Dungeon Sprint DCSS version 0.31.0-11-ge490571c62 (webtiles) character file.

Game seed: 2766395444475164731

2000000 DeltaZero the Heavyweight Champion (level 16, -45/189 HPs)
             Began as a Troll Gladiator on Feb 9, 2024.
             Was a High Priest of Makhleb.
             Annihilated by a large bag of meat
             ... wielding a +9 giant spiked club
              (105 damage)
             ... in the Dungeon (Sprint VIII: "Arena of Blood").
             The game lasted 00:01:16 (20 turns).

DeltaZero the Heavyweight Champion (Troll Gladiator)  Turns: 20, Time: 00:01:19

Health: -45/189    AC:  4    Str: 26    XL:     16   Next: 98%
Magic:  15/15      EV: 25    Int:  4    God:    Makhleb [*****.]
Gold:   0          SH:  0    Dex: 17    Spells: 15/15 levels left

rFire   . . .        k - +∞ Axe of Woe
rCold   . . .        (shield currently unavailable)
rNeg    . . .        a - +0 robe
rPois   .            b - +0 hat
rElec   .            (no cloak)
rCorr   .            (gloves unavailable)
SInv    .            (boots unavailable)
Will    +....        (no amulet)
Stlth   ++           (no ring)
HPRegen 1.31/turn    (no ring)
MPRegen 0.14/turn

%: no teleportation
@: no status effects
A: large, unfitting armour, claws 3, regeneration 1, shaggy fur 1, tough skin 1
a: Renounce Religion, Minor Destruction, Lesser Servant of Makhleb, Major
Destruction, Greater Servant of Makhleb


You were in the Dungeon.
You worshipped Makhleb.
Makhleb was extremely pleased with you.
You visited 1 branch

Inventory:

Hand Weapons
 k - the +∞ Axe of Woe (weapon)
   (You found it in the Dungeon)
Missiles
 c - 3 throwing nets (quivered)
 d - a large rock
Armour
 a - a +0 robe (worn)
 b - a +0 hat (worn)
Scrolls
 j - a scroll of blinking
Potions
 e - a potion of curing
 f - a potion of heal wounds
 g - a potion of haste
 h - 2 potions of magic
 i - a potion of berserk rage


   Skills:
 + Level 19.2 Fighting
 + Level 20.3 Axes
 + Level 17.3 Throwing
 + Level 25.6 Dodging
 O Level 27 Unarmed Combat


You had 15 spell levels left.
You didn't know any spells.
Your spell library was empty.

Dungeon Overview and Level Annotations

Branches:
Dungeon (1/1)

Altars:
Makhleb


Innate Abilities, Weirdness & Mutations

You are too large for most types of armour.
You have claws for hands.
Your natural rate of healing is unusually fast.
You are covered in fur. (AC +1)
You have tough skin. (AC +1)


Message History

You hear a shout! x3
A bag of meat comes into view. It is wielding a +9 war axe. x2
A meat berserker comes into view. It is wielding a +9 battleaxe.
You hear a shout!
Your Fighting skill gained 2 levels and is now at level 18!
Your Axes skill gained 3 levels and is now at level 18!
Your Throwing skill increases to level 16!
Your Dodging skill increases to level 24!
You have mastered Unarmed Combat!
You have reached level 16!
A meat berserker comes into view. It is wielding a +9 battleaxe.
Unknown command.
The bag of meat shouts! x2
You hit the bag of meat but do no damage.
You slaughter the bag of meat joyfully.
You kill the bag of meat!
Makhleb accepts your kill.
You feel better.
You slice the bag of meat!!
You dissect the bag of meat like a pig carcass.
You kill the bag of meat!
Makhleb accepts your kill.
You feel better.
You hear a shout! x2
Your Axes skill increases to level 19!
Your Throwing skill increases to level 17!
Your Dodging skill increases to level 25!
You slice the bag of meat!!
You slaughter the bag of meat joyfully.
You kill the bag of meat!
Makhleb accepts your kill.
You feel better.
Your Fighting skill increases to level 19!
Your Axes skill increases to level 20! 3 bags of meat come into view.
The bag of meat shouts! x2
The bag of meat hits you with a +9 war axe!
The large bag of meat hits you with a +9 giant spiked club!!!!
Ouch! That really hurt!
The large bag of meat hits you with a +9 giant spiked club!!!!
Ouch! That really hurt!
You die...

#.. ..# #... ..#
. .###... ..###.
.O......###......
#.. ....._o.o..
.... #....o#
..... #_.<._# O
......#.oO..#.oo.
#.....))O@oo.O.o.
.....ooO###......
...###.o. ..###.
. #...o ..#
#..... .#
o....o...
.....O..o..
........oo


You could see a large bag of meat (inner flame), 4 meat berserkers and 11 bags
of meat.

Vanquished Creatures
  4 ogres (D)
  14 orcs (D)
18 creatures vanquished.

Notes
Turn   | Place    | Note
-------+----------+-------------------------------------------
     0 | D        | Found the +∞ Axe of Woe
     0 | D        | DeltaZero the Troll Gladiator began the quest for the Orb.
     0 | D        | Reached XP level 1. HP: 19/19 MP: 0/0
     2 | D        | Noticed a bag of meat
     4 | D        | Became a worshipper of Makhleb the Destroyer
     4 | D        | Noticed a bag of meat
     4 | D        | Noticed a bag of meat
     6 | D        | Noticed a bag of meat
     6 | D        | Noticed a meat berserker
     7 | D        | Killed a bag of meat
     7 | D        | Noticed a bag of meat
     7 | D        | Noticed a bag of meat
     8 | D        | Reached skill level 16 in Unarmed Combat
     8 | D        | Reached XP level 2. HP: 41/41 MP: 1/1
     8 | D        | Reached XP level 3. HP: 48/48 MP: 2/2
     8 | D        | Reached XP level 4. HP: 57/57 MP: 3/3
     8 | D        | Reached XP level 5. HP: 63/63 MP: 4/4
     8 | D        | Reached XP level 6. HP: 72/72 MP: 5/5
     8 | D        | Reached XP level 7. HP: 79/79 MP: 6/6
     8 | D        | Reached XP level 8. HP: 88/88 MP: 7/7
     8 | D        | Reached XP level 9. HP: 96/96 MP: 8/8
     8 | D        | Reached XP level 10. HP: 104/104 MP: 9/9
     8 | D        | Noticed a bag of meat
     9 | D        | Killed a meat berserker
     9 | D        | Reached * piety under Makhleb
     9 | D        | Noticed a bag of meat
     9 | D        | Noticed a bag of meat
    10 | D        | Reached skill level 10 in Fighting
    10 | D        | Reached skill level 5 in Axes
    10 | D        | Reached skill level 10 in Throwing
    10 | D        | Reached skill level 19 in Unarmed Combat
    10 | D        | Reached XP level 11. HP: 75/119 MP: 10/10
    10 | D        | Reached XP level 12. HP: 80/127 MP: 11/11
    10 | D        | Killed a bag of meat
    10 | D        | Noticed a bag of meat
    10 | D        | Noticed a bag of meat
    10 | D        | Noticed a bag of meat
    11 | D        | Reached skill level 20 in Unarmed Combat
    11 | D        | Reached XP level 13. HP: 97/137 MP: 12/12
    11 | D        | Killed a bag of meat
    11 | D        | Noticed a large bag of meat
    11 | D        | Noticed a bag of meat
    11 | D        | Noticed a bag of meat
    11 | D        | Noticed a meat berserker
    11 | D        | Noticed a meat berserker
    11 | D        | Noticed a bag of meat
    11 | D        | Noticed a bag of meat
    11 | D        | Noticed a bag of meat
    12 | D        | Reached skill level 21 in Unarmed Combat
    13 | D        | Killed a bag of meat
    13 | D        | Reached ** piety under Makhleb
    13 | D        | Killed a bag of meat
    13 | D        | Noticed a bag of meat
    13 | D        | Noticed a bag of meat
    13 | D        | Noticed a meat berserker
    13 | D        | Noticed a bag of meat
    14 | D        | Reached skill level 23 in Unarmed Combat
    14 | D        | Reached XP level 14. HP: 125/150 MP: 13/13
    14 | D        | Killed a bag of meat
    14 | D        | Killed a bag of meat
    14 | D        | Reached *** piety under Makhleb
    14 | D        | Noticed a bag of meat
    14 | D        | Noticed a meat berserker
    15 | D        | Reached skill level 10 in Axes
    15 | D        | Reached skill level 24 in Unarmed Combat
    15 | D        | Killed a bag of meat
    15 | D        | Killed a bag of meat
    15 | D        | Noticed a bag of meat
    15 | D        | Noticed a bag of meat
    15 | D        | Noticed a bag of meat
    16 | D        | Reached skill level 25 in Unarmed Combat
    16 | D        | Reached XP level 15. HP: 89/165 MP: 14/14
    16 | D        | Killed a meat berserker
    16 | D        | Reached **** piety under Makhleb
    16 | D        | Killed a meat berserker
    16 | D        | Noticed a large bag of meat
    17 | D        | Reached skill level 15 in Axes
    17 | D        | Reached skill level 15 in Throwing
    17 | D        | Reached skill level 26 in Unarmed Combat
    17 | D        | Killed a meat berserker
    17 | D        | Reached ***** piety under Makhleb
    17 | D        | Noticed a meat berserker
    18 | D        | Reached skill level 27 in Unarmed Combat
    18 | D        | Reached XP level 16. HP: 124/185 MP: 15/15
    18 | D        | Noticed a meat berserker
    20 | D        | Annihilated by a large bag of meat

Illustrated notes

Levels and vault maps discovered:
D:        meatsprint

Skill      XL: |  1  2  3  4  5  6  7  8  9 10 11 12 13 14 15 16 |
---------------+-------------------------------------------------+-----
Fighting       | 7 10 11 12 14 18 19 | 19.2
Axes           | 2 5 6 8 12 18 20 | 20.3
Throwing       | 8 10 12 13 16 17 | 17.3
Dodging        | 13 17 19 21 24 25 | 25.6
Unarmed Combat | 16 19 20 23 25 27 | 27.0

Action                     |  1- 3 |  4- 6 |  7- 9 | 10-12 | 13-15 | 16-18 || total
---------------------------+-------+-------+-------+-------+-------+-------++-------
  Melee: Executioner's axe |     1 |       |       |     2 |     6 |     2 ||    11
 Armour: Robe              |       |       |       |     2 |     5 |     3 ||    10
